 Dungeon Crawl Stone Soup version 0.32-a0-656-g3542139ebd (webtiles) character file.

Game seed: 7533791407795939105

6 ragingrage the Sneak (level 1, 0/17 HPs)
             Began as a Demigod Wanderer on Mar 9, 2024.
             Slain by a jackal (3 damage)
             ... on level 1 of the Dungeon.
             The game lasted 00:00:28 (242 turns).

ragingrage the Sneak (Demigod Wanderer)              Turns: 242, Time: 00:00:28

Health: 0/17       AC:  3    Str: 13    XL:     1   Next: 60%
Magic:  3/3        EV: 10    Int: 11    God:
Gold:   33         SH:  5    Dex: 16    Spells: 0/0 levels left

rFire   . . .        a - +1 dagger
rCold   . . .        d - +0 buckler
rNeg    . . .        f - +0 leather armour
rPois   .            (no helmet)
rElec   .            (no cloak)
rCorr   .            (no gloves)
SInv    .            (no boots)
Will    .....        (no amulet)
Stlth   ++           (no ring)
HPRegen 0.22/turn    (no ring)
MPRegen 0.08/turn

%: no passive effects
@: no status effects
A: high MP 1, forlorn, divine attributes
a: no special abilities


You were on level 1 of the Dungeon.
You visited 1 branch of the dungeon, and saw 1 of its levels.

You collected 33 gold pieces.

Inventory:

Hand Weapons
 a - a +1 dagger (weapon)
Missiles
 b - 2 atropa-tipped darts (quivered)
 c - 2 datura-tipped darts
Armour
 d - a +0 buckler (worn)
 f - a +0 leather armour (worn)
Scrolls
 e - a scroll of silence
Potions
 g - a potion of brilliance {unknown}


   Skills:
 - Level 1.7 Fighting
 + Level 1.2 Short Blades
 - Level 3.6 Stealth
 - Level 2.6 Shields
 - Level 1.0 Evocations


You couldn't memorise any spells.
You didn't know any spells.
Your spell library was empty.

Dungeon Overview and Level Annotations

Branches:
Dungeon (1/15)


Innate Abilities, Weirdness & Mutations

You have an increased reservoir of magic. (+10% MP)
You shall have no god before yourself.
Your divine heritage dramatically boosts your attributes as you level up.


Message History

You kill the ball python!
No target in view!
No target in view!
No target in view!
No target in view!
A ball python comes into view.
A ball python is nearby!
A hobgoblin comes into view.
The hobgoblin shouts!
A jackal comes into view.
The jackal barks!
You hear a bark! x2
A jackal comes into view.
You block the hobgoblin's attack.
The jackal bites you but does no damage.
A jackal comes into view.
You closely miss the hobgoblin. The jackal bites you. The hobgoblin hits you.
The jackal bites you but does no damage.
You hit the ball python. The ball python bites you.
The hobgoblin hits you but does no damage.
The jackal closely misses you. The ball python closely misses you.
The ball python barely misses you.
You are too injured to fight recklessly!
The jackal attacks as it pursues you! You block the jackal's attack.
The jackal closely misses you. The ball python misses you.
The ball python grabs you. The ball python constricts you.
The ball python's grasp on you weakens, but your attempt to escape fails.
You block the jackal's attack.
The jackal bites you but does no damage.
The hobgoblin hits you.
The ball python bites you but does no damage.
The ball python constricts you.
* * * LOW HITPOINT WARNING * * *
The jackal bites you.
* * * LOW HITPOINT WARNING * * *
You escape the ball python's grasp.
The jackal bites you.
* * * LOW HITPOINT WARNING * * *
The hobgoblin attacks as it pursues you!
The hobgoblin barely misses you. The jackal attacks as it pursues you!
The jackal bites you.
You die...

.##### #.............. .#
#..............# .#
#.(............#
.########..............#
>.†.....+..............#
...######..............#
...######..............###
..........†......h........
.#.######.......@g........
.#.# #........hS....###
.#.# #..............# .#.#
###########.....# .#.##
####### ####...# .#.#..
..... ..! ...#
...#..############# ...$#
...#..#.....#.#.⌠⌠# .#..#
...#..#.....#.'...#..#


You could see 2 jackals, a hobgoblin and a ball python.

Vanquished Creatures
  A ball python (D:1)
  2 jackals (D:1)
  2 bats (D:1)
  A rat (D:1)
6 creatures vanquished.

Notes
Turn   | Place    | Note
-------+----------+-------------------------------------------
     0 | D:1      | ragingrage the Demigod Wanderer began the quest for the
                  | Orb.
     0 | D:1      | ragingrage set off with the following items: a +1 dagger, 2
                  | atropa-tipped darts, 2 datura-tipped darts, a +0 buckler, a
                  | scroll of silence, a +0 leather armour.
     0 | D:1      | Reached XP level 1. HP: 17/17 MP: 3/3
   179 | D:1      | Reached skill level 1 in Short Blades
   242 | D:1      | Slain by a jackal

Illustrated notes

Levels and vault maps discovered:
D:1:      evilmike_arrival_home_sweet_home, layout_basic

Skill      XL: |  1 |
---------------+----+-----
Short Blades   | 1 |  1.2
Fighting       | |  1.7
Stealth        | |  3.6
Shields        | |  2.6
Evocations     | |  1.0

Action                     || total
---------------------------++-------
  Melee: Dagger            ||    16
 Armour: Leather armour    ||    26
  Dodge: Dodged            ||    12
  Block: Buckler           ||     5

Table legend: (Time is in decaauts)
 A = Elapsed time spent in this place.
 B = Non-inter-level travel time spent in this place.
 C = Inter-level travel time spent in this place.
 D = Time resting spent in this place.
 E = Time spent auto-exploring this place.
 F = Levels seen in this place.
 G = Mean time per level.
                   A        B        C        D        E       F      G
               +--------+--------+--------+--------+--------+-----+--------+
         Total |    241 |    241 |      0 |      0 |    183 |   1 |  241.0 |
       Dungeon |    241 |    241 |      0 |      0 |    183 |   1 |  241.0 |
               +--------+--------+--------+--------+--------+-----+--------+

Top non-repeatable levels by time:
     D:1: 241 daAuts
